 Dungeon Crawl Stone Soup version 0.22.1-2-g9c5b331 (webtiles) character file.

57 Fang the Skirmisher (level 4, -1/29 HPs)
             Began as a Gargoyle Berserker on Dec 14, 2018.
             Was a Believer of Trog.
             Slain by a worm (6 damage)
             ... on level 2 of the Dungeon.
             The game lasted 00:01:00 (1420 turns).

Fang the Skirmisher (Gargoyle Berserker)            Turns: 1420, Time: 00:01:00

Health: -1/29      AC:  5    Str: 21    XL:     4   Next: 0%
Magic:  4/4        EV: 12    Int:  8    God:    Trog [**....]
Gold:   107        SH:  0    Dex:  9    Spells: 3/3 levels left

rFire    . . .     SeeInvis .   a - +0 hand axe
rCold    . . .     Gourm    .   (no shield)
rNeg     + . .     Faith    .   b - +0 animal skin
rPois    ∞         Spirit   .   (no helmet)
rElec    +         Reflect  .   (no cloak)
rCorr    .         Harm     .   (no gloves)
MR       .....                  (no boots)
Stlth    +.........             (no amulet)
HPRegen  0.09/turn              (no ring)
MPRegen  0.09/turn              (no ring)

@: no status effects
A: negative energy resistance 1, electricity resistance, unbreathing,
petrification resistance, rot immunity, AC +3
a: Berserk, Trog's Hand, Renounce Religion


You were on level 2 of the Dungeon.
You worshipped Trog.
Trog was pleased with you.
You were not hungry.

You visited 1 branch of the dungeon, and saw 2 of its levels.

You collected 107 gold pieces.

Inventory:

Hand Weapons
 a - a +0 hand axe (weapon)
Armour
 b - a +0 animal skin (worn)
Scrolls
 d - 2 scrolls of noise {unknown}
 e - a scroll of enchant weapon {unknown}
 f - 5 scrolls of identify {unknown}
 g - a scroll of fear {unknown}
 k - a scroll of enchant armour {unknown}
 l - a scroll of teleportation {unknown}
 m - a scroll of remove curse {unknown}
Potions
 h - a potion of lignification {unknown}
 i - a potion of heal wounds {unknown}
 j - 2 potions of curing {unknown}
Comestibles
 c - 5 rations
 n - 9 chunks of flesh


   Skills:
 + Level 3.7 Fighting
 + Level 3.4 Axes
 + Level 2.7 Armour
 + Level 2.0 Dodging


You had 3 spell levels left.
You didn't know any spells.
Your spell library was empty.

Dungeon Overview and Level Annotations

Branches:
Dungeon (2/15)

Altars:
Trog


Innate Abilities, Weirdness & Mutations

You are resistant to torment.
Your stone body is resilient. (AC +3)
You are immune to poison.
You resist negative energy. (rN+)
You are resistant to electric shocks. (rElec)
You can survive without breathing.
You are immune to petrification.
You are immune to rotting.


Message History

The worm is almost dead.
The worm barely misses you.
You barely miss the worm.
The worm is almost dead.
The worm barely misses you.
You hit the worm.
The worm is almost dead.
You barely miss the worm.
The worm is almost dead.
The worm bites you.
You hit the worm but do no damage.
The worm is almost dead.
The worm bites you!
* * * LOW HITPOINT WARNING * * *
You hit the worm.
The worm is almost dead.
You hit the worm.
The worm is almost dead.
The worm bites you.
You die...

###...#.# #...÷)... ........#
##########(.... ........#
#.........(.... #.#..#..#
#.#########.... .†#.##..... #.#
#.### ..#.# #..### #.# #.# ....#
#.# #.# #.# ....####.##########(#
#.# #.#.#..........w@.#.# #.#
#.#.#.##.########.#.# #.#
..#.#.##.# #.#.###### #.###
#.#.#.##.# #.#......# #....
#.#.#.##.#### #.######.# #.###
............#####.######.####.# #
.......#.##......<............###
.......#.########............##(≈
..................######.#####..≈


You could see a worm.

Vanquished Creatures
  An adder (D:2)
  An ooze (D:2)
  2 dart slugs
  3 bats
  2 giant cockroaches
  6 goblins
  5 hobgoblins (D:2)
  2 jackals (D:1)
  4 frilled lizards
  8 kobolds
  3 rats
37 creatures vanquished.

Notes
Turn   | Place    | Note
-------+----------+-------------------------------------------
     0 | D:1      | Fang the Gargoyle Berserker began the quest for the Orb.
     0 | D:1      | Reached XP level 1. HP: 14/14 MP: 1/1
   329 | D:1      | Reached XP level 2. HP: 11/19 MP: 2/2
   878 | D:2      | Reached XP level 3. HP: 23/24 MP: 3/3
  1029 | D:2      | Reached ** piety under Trog
  1313 | D:2      | Found a bloodstained altar of Trog.
  1345 | D:2      | Reached XP level 4. HP: 25/29 MP: 4/4
  1420 | D:2      | Slain by a worm

Skill      XL: |  1  2  3 |
---------------+----------+-----
Axes           | 3 |  3.4
Dodging        | 2 |  2.0
Fighting       | |  3.7
Armour         | |  2.7

Action                   |  1- 3 |  4- 6 || total
-------------------------+-------+-------++-------
Melee: Hand axe          |   119 |    14 ||   133
  Eat: Chunk             |     1 |     1 ||     2
Armor: Animal skin       |    47 |       ||    47
Dodge: Dodged            |    88 |     2 ||    90
